[Event "Team 45 45 League T25"]
[Site "Free Internet Chess Server"]
[Date "2005.01.23"]
[Round "6"]
[White "Struggler"]
[Black "TGV"]
[Result "1-0"]
[WhiteElo "1779"]
[BlackElo "1782"]
[TimeControl "2700+45"]

1. d4 Nf6 2. c4 d5 3. Nc3 g6 4. Nf3 Bg7 5. e3 O-O 6. Bd3 dxc4 7. Bxc4 c5 8. O-O cxd4 9. Nxd4 Qc7 10. Qe2 a6 11. a4 Ng4 12. Nf3 Nc6 13. h3 Bxc3 14. bxc3 Nce5 15. Nxe5 Nxe5 16. Bb3 Rd8 17. Ba3 e6 18. Rfd1 Bd7 19. f4 Qxc3 20. Rab1 Bxa4 21. Rdc1 Qa5 22. fxe5 Bxb3 23. Rxb3 Qd5 24. Rbc3 Qxe5 25. Rc7 Qa5 26. Qf3 Qf5 27. Qxb7 Rab8 28. Qc6 Rb1 29. Rc8 Rxc1+ 30. Qxc1 Qa5 31. Bb2 f5 32. Rxd8+ Qxd8 33. Qc3 Qd1+ 34. Kh2 Qd6+ 35. g3 e5 36. h4 Kf7 37. Kh3 Kf6 38. Ba3 Qd1 39. Qc6+ Kg7 40. Qc7+ Kg8 41. Qc4+ Kg7 42. Qc6 Qg4+ 43. Kh2 Qe2+ 44. Kh1 Qf1+ 45. Kh2 Qe2+ 46. Qg2 Qxe3 47. Qb7+ Kg8 48. Qc8+ Kf7 49. Qd7+   {Black resigns} 1-0

[Event "Team 45 45 League T25"]
[Site "Free Internet Chess Server"]
[Date "2005.01.19"]
[Round "6"]
[White "Atreus"]
[Black "Pawns"]
[Result "1/2-1/2"]
[WhiteElo "1884"]
[BlackElo "1774"]
[TimeControl "2700+45"]

1. e4 e5 2. f4 exf4 3. Nf3 d6 4. Bc4 g5 5. Nc3 h6 6. O-O Bg7 7. d4 Nc6 8. e5 dxe5 9. Nxe5 Nxe5 10. Re1 Ne7 11. dxe5 Qxd1 12. Rxd1 Bxe5 13. Re1 Bxc3 14. bxc3 c5 15. Ba3 b6 16. Rad1 Bb7 17. Bb5+ Kf8 18. Rxe7 Kxe7 19. Rd7+ Kf6 20. Rxb7 Rhb8 21. Rxb8 Rxb8 22. Bb2 Rd8 23. Bd3 h5 24. c4+ Ke6 25. Kf2 g4 26. Bc1 Rd4 27. Bb2 Rd7 28. Bc1 Rd4   {Game drawn by mutual agreement} 1/2-1/2

[Event "Team 45 45 League T25"]
[Site "Free Internet Chess Server"]
[Date "2005.01.22"]
[Round "6"]
[White "Galleta"]
[Black "zcomcon"]
[Result "1/2-1/2"]
[WhiteElo "1712"]
[BlackElo "1719"]
[TimeControl "2700+45"]

1. e4 e5 2. Nf3 Nc6 3. Nc3 Nf6 4. d4 exd4 5. Nxd4 d6 6. Nxc6 bxc6 7. Bg5 Be7 8. Bc4 O-O 9. O-O h6 10. Bh4 Nh7 11. Bg3 Bh4 12. Bf4 Bg5 13. Qd2 Bxf4 14. Qxf4 Qg5 15. Ne2 Qxf4 16. Nxf4 Nf6 17. Rfe1 Ng4 18. Ng6 Re8 19. f4 Be6 20. Bxe6 Rxe6 21. f5   {Game drawn by mutual agreement} 1/2-1/2

[Event "Team 45 45 League T25"]
[Site "Free Internet Chess Server"]
[Date "2005.01.22"]
[Round "6"]
[White "adingod"]
[Black "trener"]
[Result "1-0"]
[WhiteElo "2152"]
[BlackElo "1956"]
[TimeControl "2700+45"]

1. d4 d5 2. Nf3 Nf6 3. e3 e6 4. Bd3 Be7 5. Nbd2 b6 6. O-O O-O 7. e4 dxe4 8. Nxe4 Bb7 9. Nxf6+ Bxf6 10. c3 Nd7 11. Bf4 g6 12. Re1 Rc8 13. Be4 Bxe4 14. Rxe4 Re8 15. Qa4 a5 16. Qc6 Nf8 17. Rae1 Qd7 18. Qc4 Bg7 19. Ne5 Qd5 20. Qa4 c5 21. Nc4 Qb7 22. Nd6   {Black resigns} 1-0

[Event "Team 45 45 League T25"]
[Site "Free Internet Chess Server"]
[Date "2005.01.20"]
[Round "6"]
[White "lovelace"]
[Black "Ninaber"]
[Result "0-1"]
[WhiteElo "1835"]
[BlackElo "2043"]
[TimeControl "2700+45"]

1. Nf3 Nc6 2. b3 e5 3. e3 e4 4. Nd4 Nf6 5. d3 Nxd4 6. exd4 d5 7. Nd2 Bb4 8. Bb2 O-O 9. Be2 exd3 10. Bxd3 Qe7+ 11. Qe2 Re8 12. Qxe7 Rxe7+ 13. Kd1 Bd7 14. f3 Re3 15. Re1 Rxe1+ 16. Kxe1 Re8+ 17. Kd1 Ng4 18. c3 Nf2+ 19. Kc2 Nxd3 20. cxb4 Nxb4+ 21. Kc3 a5 22. Nf1 Re2   {White resigns} 0-1

[Event "Team 45 45 League T25"]
[Site "Free Internet Chess Server"]
[Date "2005.01.21"]
[Round "6"]
[White "YOIULI"]
[Black "Doubleletter"]
[Result "1-0"]
[WhiteElo "1933"]
[BlackElo "1729"]
[TimeControl "2700+45"]

1. e4 e6 2. d4 d5 3. Nc3 dxe4 4. Nxe4 Nd7 5. Nf3 Ngf6 6. Bd3 Be7 7. c3 O-O 8. Nxf6+ Nxf6 9. Bg5 h6 10. h4 hxg5 11. hxg5 g6 12. Qc2 Kg7 13. Ne5 Nd7 14. Nxg6 fxg6 15. Bxg6 Bxg5 16. Rh7+ Kf6 17. Bh5 Ne5 18. dxe5+ Kxe5 19. Rd1 Rxf2 20. Qxf2 Qg8 21. Qd4+ Kf5 22. g4#   {Black checkmated} 1-0

[Event "Team 45 45 League T25"]
[Site "Free Internet Chess Server"]
[Date "2005.01.25"]
[Round "6"]
[White "Thalagor"]
[Black "Louro"]
[Result "1-0"]
[WhiteElo "1768"]
[BlackElo "1850"]
[TimeControl "2700+45"]

1. e4 c5 2. Nf3 d6 3. d4 cxd4 4. Nxd4 Nf6 5. Nc3 a6 6. Bc4 e6 7. Bg5 Be7 8. Qd2 O-O 9. O-O-O b5 10. Bd3 Nbd7 11. Nc6 Qe8 12. Nxe7+ Qxe7 13. Be2 Bb7 14. Qxd6 Qxd6 15. Rxd6 b4 16. Nd1 Bxe4 17. Ne3 a5 18. Rhd1 h6 19. Bh4 g5 20. Bg3 a4 21. Rxd7 Nxd7 22. Rxd7 b3 23. cxb3 axb3 24. axb3 Rfc8+ 25. Kd2 Rc5 26. Bd6 Rc6 27. Be5 Kf8 28. Bh5 Ke8 29. Rxf7 Rd8+ 30. Ke2 Rd7 31. Rf4+ Ke7 32. Rxe4 Rd5   {Black resigns} 1-0

[Event "Team 45 45 League T25"]
[Site "Free Internet Chess Server"]
[Date "2005.01.22"]
[Round "6"]
[White "Regnmanden"]
[Black "Matias"]
[Result "1-0"]
[WhiteElo "2229"]
[BlackElo "2041"]
[TimeControl "2700+45"]

1. d4 g6 2. Bg5 Bg7 3. c3 d6 4. e4 h6 5. Bh4 Nf6 6. Nd2 e5 7. f4 Nbd7 8. Ngf3 Qe7 9. fxe5 dxe5 10. Bd3 O-O 11. O-O g5 12. Bg3 Ng4 13. Qe2 exd4 14. cxd4 f5 15. Bxc7 Nc5 16. Ba5 Nxd3 17. Qxd3 fxe4 18. Nxe4 Be6 19. h3 Nf6 20. Ne5 Nxe4 21. Rxf8+ Qxf8 22. Qxe4 Rc8 23. Bc3 Rc7 24. Rf1 Qe7 25. a3 Bc4 26. Rf2 b6 27. Qg6 Qe6 28. Qh5 Re7 29. h4 g4 30. Nxc4 Qxc4 31. Qxg4 Qd3 32. Qc8+ Kh7 33. Qf5+ Qxf5 34. Rxf5 Kg6 35. Rf3 Re4 36. d5 Bxc3 37. bxc3 Rxh4 38. d6 Rh5 39. Rd3 Rf5 40. d7   {Black resigns} 1-0

[Event "Team 45 45 League T25"]
[Site "Free Internet Chess Server"]
[Date "2005.01.22"]
[Round "1"]
[White "zota"]
[Black "TrondTumyr"]
[Result "1/2-1/2"]
[WhiteElo "1837"]
[BlackElo "1832"]
[TimeControl "2700+45"]

1. e4 e5 2. Nf3 Nc6 3. Bb5 a6 4. Ba4 Nf6 5. d4 exd4 6. O-O Be7 7. e5 Nd5 8. Bb3 Nb6 9. Re1 Na5 10. Qxd4 Nxb3 11. axb3 O-O 12. Nc3 f6 13. Nd5 Nxd5 14. Qxd5+ Kh8 15. Bf4 c6 16. Qd2 fxe5 17. Bxe5 d6 18. Bg3 Re8 19. Bxd6 Bf6 20. Rxe8+ Qxe8 21. Re1 Qg8 22. Be5   {Game drawn by mutual agreement} 1/2-1/2

[Event "Team 45 45 League T25"]
[Site "Free Internet Chess Server"]
[Date "2005.01.21"]
[Round "6"]
[White "fernbap"]
[Black "RobertKaucher"]
[Result "0-1"]
[WhiteElo "1667"]
[BlackElo "1680"]
[TimeControl "2700+45"]

1. Nf3 d5 2. c4 d4 3. e3 dxe3 4. fxe3 Nf6 5. d4 Bg4 6. Be2 Nc6 7. Nc3 e6 8. a3 Be7 9. O-O O-O 10. b4 a6 11. Bb2 Bd6 12. Qc2 Bf5 13. e4 Bg6 14. Bd3 Ng4 15. Rae1 Nxd4 16. Nxd4 Bxh2+ 17. Kh1 Qxd4 18. Nd1 Qd8 19. Rf3 Qh4 20. Nf2 Nxf2+ 21. Rxf2 Bg3+ 22. Kg1 Qh2+ 23. Kf1 Bh5 24. Rf3 Bxf3 25. gxf3 Qxc2 26. Bxc2 Bxe1 27. Kxe1 Rad8 28. Bc3 h5 29. Kf2 f6 30. Kg3 Kf7 31. f4 Rh8 32. Kh4 g6 33. e5 g5+ 34. fxg5 fxg5+ 35. Kxg5 Rdg8+   {White resigns} 0-1